 Dungeon Crawl Stone Soup version 0.21.1-74-g47da9253eb (webtiles) character file.

267 Lavandula the Chopper (level 6, -9/76 HPs)
             Began as a Centaur Berserker on Aug 10, 2018.
             Was a Believer of Trog.
             Mangled by Lavandula's ghost (13 damage)
             ... on level 4 of the Dungeon.
             The game lasted 00:05:09 (679 turns).

Lavandula the Chopper (Centaur Berserker)            Turns: 679, Time: 00:05:10

Health: -9/76      AC:  5    Str: 27    XL:     6   Next: 0%
Magic:  6/6        EV:  9    Int:  6    God:    Trog [**....]
Gold:   122        SH:  0    Dex:  8    Spells: 5/5 levels left

rFire    . . .     SeeInvis .   g - +1 halberd (venom)
rCold    + . .     Gourm    .   (shield currently unavailable)
rNeg     . . .     Faith    .   b - +0 animal skin
rPois    .         Spirit   .   h - +0 helmet
rElec    .         Reflect  .   (no cloak)
rCorr    .         Harm     .   (no gloves)
MR       .....                  (no barding)
Stlth    ..........             (no amulet)
HPRegen  0.22/turn              e - ring of protection from cold
MPRegen  0.10/turn              (no ring)

@: berserking, very quick
A: large, hooves 3, deformed body, speed 2, tough skin 3
a: Berserk, Trog's Hand, Burn Spellbooks, Renounce Religion


You were on level 4 of the Dungeon.
You worshipped Trog.
Trog was pleased with you.
You were very hungry.

You visited 1 branch of the dungeon, and saw 5 of its levels.

You collected 122 gold pieces.

Inventory:

Hand Weapons
 a - a +0 hand axe
 g - a +1 halberd of venom (weapon)
Missiles
 n - a throwing net (quivered)
Armour
 b - a +0 animal skin (worn)
 f - a +0 hat
 h - a +0 helmet (worn)
 m - a +0 scale mail
Jewellery
 e - a ring of protection from cold (left hand)
Scrolls
 d - a scroll of teleportation
 i - a scroll of immolation {unknown}
 j - 2 scrolls of remove curse {unknown}
 k - a scroll of identify {unknown}
 l - a scroll of blinking {unknown}
 o - a scroll of enchant armour {unknown}
Comestibles
 c - 3 rations


   Skills:
 - Level 3.0 Fighting
 + Level 6.2 Axes
 - Level 1.3 Armour
 - Level 1.3 Dodging


You had 5 spell levels left.
You didn't know any spells.

Dungeon Overview and Level Annotations

Branches:
Dungeon (5/15)
 Temple: D:4-7

Altars:

Shops:
D:4 [

Annotations:
D:4 Lavandula's ghost, novice CeBe


Innate Abilities, Weirdness & Mutations

You have hooves in place of feet.
Armour fits poorly on your strangely shaped body.
You cover ground very quickly.
You have extremely tough skin. (AC +3)


Message History

Lavandula's ghost hits you.
* * * LOW HITPOINT WARNING * * *
You barely miss Lavandula's ghost. Your kick misses Lavandula's ghost.
Lavandula's ghost is heavily damaged.
Lavandula's ghost hits you but does no damage.
You slash Lavandula's ghost! You kick Lavandula's ghost.
Lavandula's ghost is severely damaged.
You barely miss Lavandula's ghost. You kick Lavandula's ghost!
Lavandula's ghost is almost destroyed.
Lavandula's ghost hits you!
* * * LOW HITPOINT WARNING * * *
You barely miss Lavandula's ghost.
Lavandula's ghost is almost destroyed.
Lavandula's ghost hits you!
* * * LOW HITPOINT WARNING * * *
You barely miss Lavandula's ghost. Your kick misses Lavandula's ghost.
Lavandula's ghost is almost destroyed.
Lavandula's ghost whispers, "There is no future for you."
Lavandula's ghost hits you!
You die...

##.# ##.# #.#
##.# #.# ##.# #.#
##.# #.# ##.# #.#
#.# .†.# #.# #.#
#### #.# ##W##
##.####.@.###
.......#...#
##.####..>#.#
#⌠.⌠# #..## #
#########.∩.#
#.##
.........⌠.⌠###.#
########........#
# #....###.# #
#.#### #.#


You could see Lavandula's ghost.

Vanquished Creatures
  A scorpion (D:4)
  A gnoll shaman (D:4)
  2 orc wizards (D:4)
  7 gnolls
  3 adders (D:2)
  2 worms (D:2)
  An orc (D:4)
  3 giant cockroaches (D:2)
  3 goblins
  3 hobgoblins (D:2)
  5 jackals (D:2)
  3 kobolds (D:2)
  2 quokkas
  3 bats (D:2)
  A frilled lizard (D:2)
  4 rats
44 creatures vanquished.

Notes
Turn   | Place    | Note
-------+----------+-------------------------------------------
     0 | D:1      | Lavandula the Centaur Berserker began the quest for the Orb.
     0 | D:1      | Reached XP level 1. HP: 19/19 MP: 1/1
    49 | D:2      | Reached skill level 3 in Axes
   104 | D:2      | Reached XP level 2. HP: 26/26 MP: 2/2
   165 | D:2      | Reached XP level 3. HP: 19/31 MP: 3/3
   165 | D:2      | Reached skill level 4 in Axes
   168 | D:2      | Reached XP level 4. HP: 15/38 MP: 4/4
   336 | D:2      | Reached ** piety under Trog
   577 | D:4      | Reached skill level 5 in Axes
   590 | D:4      | Reached XP level 5. HP: 31/45 MP: 5/5
   609 | D:4      | Reached skill level 6 in Axes
   611 | D:4      | Reached XP level 6. HP: 17/51 MP: 6/6
   645 | D:4      | Found Ocliq's Antique Armour Shop.
   664 | D:5      | Entered Level 5 of the Dungeon
   668 | D:4      | Noticed Lavandula's ghost (novice CeBe)
   679 | D:4      | Mangled by Lavandula's ghost

Skill      XL: |  1  2  3  4  5 |
---------------+----------------+-----
Axes           | 3 4 5 6 |  6.2
Fighting       | |  3.0
Armour         | |  1.3
Dodging        | |  1.3

Action                   |  1- 3 |  4- 6 || total
-------------------------+-------+-------++-------
Melee: Hand axe          |    35 |     3 ||    38
       Kick              |     7 |    15 ||    22
       Halberd           |       |    62 ||    62
Invok: Berserk           |     2 |     2 ||     4
  Use: Scroll            |       |     1 ||     1
  Eat: Chunk             |       |     1 ||     1
Armor: Animal skin       |    12 |    24 ||    36
Dodge: Dodged            |    18 |    24 ||    42
